 Dungeon Crawl Stone Soup version 0.19.5 (webtiles) character file.

721 sveltemanboy the Cudgeler (level 7, -1/53 HPs)
             Began as a Demonspawn Monk on Apr 17, 2017.
             Was a Believer of Makhleb.
             Killed by divine providence
             ... invoked by an orc priest
              (8 damage)
             ... on level 4 of the Dungeon.
             The game lasted 00:09:41 (4128 turns).

sveltemanboy the Cudgeler (Demonspawn Monk)         Turns: 4128, Time: 00:09:42

Health: -1/53      AC:  7    Str: 13    XL:     7   Next: 43%
Magic:  0/8        EV: 12    Int: 12    God:    Makhleb [**....]
Gold:   243        SH:  0    Dex: 20    Spells: 0 memorised, 6 levels left

rFire  . . .     SeeInvis .     h - +0 whip (elec)
rCold  + . .     Gourm    .     b - +0 ring mail
rNeg   . . .     Faith    .     (no shield)
rPois  .         Spirit   +     (no helmet)
rElec  .         Reflect  .     (no cloak)
rCorr  +         Harm     .     e - +0 pair of gloves
MR     .....                    (no boots)
Stlth  ++........               (no amulet)
                                o - +5 ring of dexterity
                                j - ring of resist corrosion

@: no status effects
A: rugged brown scales 1, cold resistance 1, magic shield, magic regeneration
a: Minor Destruction, Renounce Religion


You were on level 4 of the Dungeon.
You worshipped Makhleb.
Makhleb was pleased with you.
You were not hungry.

You visited 2 branches of the dungeon, and saw 5 of its levels.

You collected 243 gold pieces.

Inventory:

Hand Weapons
 h - a +0 whip of electrocution (weapon)
Armour
 b - a +0 ring mail (worn)
 e - a +0 pair of gloves (worn)
Jewellery
 j - a ring of resist corrosion (left hand)
 o - a +5 ring of dexterity (right hand)
Wands
 v - a wand of iceblast (3/15)
Scrolls
 a - 3 scrolls of remove curse
 d - a scroll of fog {unknown}
 f - 2 scrolls of blinking {unknown}
 g - a scroll of magic mapping {unknown}
 q - 2 scrolls of identify {unknown}
 u - 2 scrolls of noise {unknown}
 w - a scroll of enchant armour {unknown}
Potions
 i - a potion of mutation {unknown}
 m - a potion of magic {unknown}
 n - a potion of might {unknown}
 p - a potion of ambrosia {unknown}
 r - 2 potions of brilliance {unknown}
 s - a potion of haste {unknown}
 t - 2 potions of flight {unknown}
 x - 2 potions of curing
Comestibles
 c - 2 bread rations
 k - 2 slices of pizza
 l - 2 meat rations
 z - 4 chunks of flesh


   Skills:
 - Level 3.4 Fighting
 * Level 5.6 Maces & Flails
   Level 2.6 Polearms
 - Level 3.0 Armour
 - Level 3.3 Dodging
 - Level 1.7 Stealth
 + Level 2.5 Invocations


You had 6 spell levels left.
You didn't know any spells.

Dungeon Overview and Level Annotations

Branches:
Dungeon (4/15)             Temple (1/1) D:4

Altars:
Ashenzari
Cheibriados
Dithmenos
Fedhas
Gozag
Hepliaklqana
Makhleb
Nemelex Xobeh
Qazlal
Ru
Sif Muna
Trog
Vehumet
Xom
Yredelemnul


Innate Abilities, Weirdness & Mutations

You are partially covered in rugged brown scales. (AC +1, +3% HP)
Your flesh is cold resistant. (rC+)
When hurt, damage is shared between your health and your magic reserves.
You regenerate magic rapidly.


Message History

Beogh smites you!
The orc priest mumbles some strange prayers to Beogh against you.
Beogh smites you!
* * * LOW HITPOINT WARNING * * *
You are too injured to fight recklessly!
You are too injured to fight recklessly!
You are too injured to fight recklessly!
Unknown command.
The orc priest calls upon Beogh to heal the orc priest.
The orc priest is healed somewhat.
The orc priest calls down the wrath of Beogh upon you.
Pain shoots through your body!
* * * LOW HITPOINT WARNING * * *
The orc priest looks encouraged for a moment.
You see here a giant spiked club.
The orc priest looks encouraged for a moment.
The orc priest looks satisfied for a moment.
The orc priest invokes the aid of Beogh against you.
Beogh smites you!
You die...

# #.#.#...###
#.#...'...... #.#.#.#..
#..oo.#.. ###.###.. #.#
#.# #o# #.# #.# #.#
########
.#####@###.####......##
#......>..............'.
###########.####......##
##'####......#
#.....#......#
#.....#......#
##########.....#......#
#!..##...#.....#......#
#..............#......#


You could see 2 orc priests and an orc.

Vanquished Creatures
  2 ogres
  A bullfrog (D:3)
  The ghost of alzar the Sneak, an amateur SpEn (D:4)
  A scorpion (D:4)
  A howler monkey (D:4)
  2 orc priests (D:3)
  An orc wizard (D:3)
  A worker ant (D:4)
  7 gnolls
  7 adders
  An ooze (D:2)
  3 dart slugs (D:2)
  6 leopard geckos
  6 orcs (D:3)
  12 bats
  6 giant cockroaches
  3 goblins
  6 hobgoblins
  4 jackals (D:2)
  2 quokkas
  A ball python (D:1)
  3 frilled lizards
  7 kobolds
  4 rats
88 creatures vanquished.

Notes
Turn   | Place    | Note
-------+----------+-------------------------------------------
     0 | D:1      | sveltemanboy the Demonspawn Monk began the quest for the Orb.
     0 | D:1      | Reached XP level 1. HP: 18/18 MP: 1/1
   258 | D:1      | Gained mutation: You are partially covered in rugged brown scales. (AC +1, +3% HP) [demonic ancestry]
   258 | D:1      | Reached XP level 2. HP: 14/24 MP: 2/2
  1156 | D:2      | Reached XP level 3. HP: 25/29 MP: 3/3
  1198 | D:2      | Reached skill level 1 in Maces & Flails
  1198 | D:2      | Reached skill level 1 in Armour
  1649 | D:2      | Gained mutation: When hurt, damage is shared between your health and your magic reserves. [demonic ancestry]
  1649 | D:2      | Reached XP level 4. HP: 35/36 MP: 4/4
  1655 | D:2      | Found a shimmering altar of Xom.
  1656 | D:2      | Found a hazy altar of Hepliaklqana.
  1656 | D:2      | Noticed a hell beast
  1657 | D:2      | Noticed a hell beast
  1657 | D:2      | Noticed a spectral ugly thing
  1809 | D:2      | Reached skill level 2 in Maces & Flails
  1963 | D:3      | Noticed an ogre
  1973 | D:3      | Killed an ogre
  1973 | D:3      | Reached skill level 3 in Maces & Flails
  1973 | D:3      | Reached XP level 5. HP: 42/42 MP: 5/5
  2375 | D:3      | Gained mutation: You regenerate magic rapidly. [demonic ancestry]
  2375 | D:3      | Reached XP level 6. HP: 43/48 MP: 4/6
  2488 | D:3      | Reached skill level 4 in Maces & Flails
  3266 | D:4      | Found a staircase to the Ecumenical Temple.
  3384 | Temple   | Entered the Ecumenical Temple
  3536 | Temple   | Became a worshipper of Makhleb the Destroyer
  3536 | Temple   | Reached * piety under Makhleb
  3536 | Temple   | Reached ** piety under Makhleb
  3620 | D:4      | Got a twisted dagger
  3626 | D:4      | Identified the cursed +0 dagger "Naokhal" {speed, rElec rPois Int+3 Dex-3} (You found it on level 4 of the Dungeon)
  3845 | D:4      | Reached skill level 5 in Maces & Flails
  3845 | D:4      | Reached skill level 1 in Invocations
  3845 | D:4      | Gained mutation: Your flesh is cold resistant. (rC+) [demonic ancestry]
  3845 | D:4      | Reached XP level 7. HP: 44/53 MP: 5/7
  3857 | D:4      | Noticed alzar's ghost (amateur SpEn)
  3865 | D:4      | Killed alzar's ghost
  4128 | D:4      | Killed from afar by an orc priest

Skill      XL: |  1  2  3  4  5  6  7 |
---------------+----------------------+-----
Dodging        | 3 |  3.3
Maces & Flails | 1 3 5 |  5.6
Armour         | 1 2 3 |  3.0
Invocations    | 1 2 |  2.5
Fighting       | |  3.4
Polearms       | |  2.6
Stealth        | |  1.7

Action                   |  1- 3 |  4- 6 |  7- 9 || total
-------------------------+-------+-------+-------++-------
Melee: Spear             |    51 |       |       ||    51
       Whip              |    74 |   165 |    33 ||   272
Invok: Minor Destruction |       |       |     1 ||     1
  Use: Potion            |     1 |     3 |       ||     4
       Scroll            |       |     2 |       ||     2
 Stab: Sleeping          |     7 |     4 |       ||    11
  Eat: Chunk             |     2 |     7 |     1 ||    10
Armor: Leather armour    |    23 |     6 |       ||    29
       Robe              |     1 |       |       ||     1
       Skin              |     6 |     1 |       ||     7
       Ring mail         |       |    34 |     4 ||    38
Dodge: Dodged            |    82 |    93 |    11 ||   186
